 Dungeon Crawl Stone Soup version 0.23.0 (webtiles) character file.

Game seed: 18255876733241787115

17 Monsterracer the Ruffian (level 2, -5/28 HPs)
             Began as a Naga Chaos Knight on Feb 15, 2019.
             Was a Plaything of Xom.
             Slain by Sigmund
             ... wielding a +0 scythe
              (8 damage)
             ... on level 2 of the Dungeon.
             The game lasted 00:00:44 (789 turns).

Monsterracer the Ruffian (Naga Chaos Knight)         Turns: 789, Time: 00:00:44

Health: -5/28      AC:  4    Str: 14    XL:     2   Next: 62%
Magic:  2/2        EV:  9    Int: 12    God:    Xom [.....*]
Gold:   77         SH:  0    Dex: 10    Spells: 1/1 levels left

rFire    . . .     SeeInvis +     - Unarmed
rCold    . . .     Gourm    .   (no shield)
rNeg     . . .     Faith    .   a - +2 leather armour
rPois    +         Spirit   .   (no helmet)
rElec    .         Reflect  .   (no cloak)
rCorr    .         Harm     .   (no gloves)
MR       .....     Rnd*Tele +   (no barding)
Stlth    ..........             (no amulet)
HPRegen  0.09/turn              e - ring of teleportation (curse)
MPRegen  0.08/turn              (no ring)

@: confused, very slow
A: large, see invisible, deformed body, poison resistance, slowness 2, slow
metabolism 1, spit poison 1, AC +0
a: Spit Poison, Renounce Religion


You were on level 2 of the Dungeon.
You worshipped Xom.
You were Xom's teddy bear.
You were not hungry.

You visited 1 branch of the dungeon, and saw 2 of its levels.

You collected 77 gold pieces.

Inventory:

Armour
 a - a +2 leather armour (worn)
Jewellery
 e - a cursed ring of teleportation (left hand)
Scrolls
 b - 2 scrolls of identify {unknown}
 d - a scroll of amnesia {unknown}
 g - a scroll of enchant armour {unknown}
Potions
 f - a potion of curing {unknown}
 h - a potion of brilliance {unknown}
Comestibles
 c - 2 rations


   Skills:
 + Level 3.2 Fighting
 - Level 1.5 Armour
 - Level 0.7 Dodging
 * Level 3.6 Unarmed Combat


You had one spell level left.
You didn't know any spells.
Your spell library was empty.

Dungeon Overview and Level Annotations

Branches:
Dungeon (2/15)

Altars:

Annotations:
D:2 Sigmund


Innate Abilities, Weirdness & Mutations

You cannot wear boots.
Your serpentine skin is tough. (AC +0)
You have supernaturally acute eyesight. (SInv)
Armour fits poorly on your strangely shaped body.
Your system is resistant to poisons. (rPois)
You cover ground very slowly.
You have a slow metabolism.
You can spit poison.


Message History

Health restored: 28 No target in view!
A leopard gecko comes into view.
The leopard gecko hisses angrily.
You hear an angry hiss.
A frilled lizard comes into view.
There are monsters nearby!
There are monsters nearby!
You feel strangely unstable.
You are suddenly yanked towards a nearby monster!
Your surroundings suddenly seem different.
A frilled lizard comes into view.
The frilled lizard hisses angrily.
The frilled lizard bites you but does no damage.
Press: ? - help, Shift-Dir - straight line, f - frilled lizard
Aim: a frilled lizard
Okay, then.
You hit the frilled lizard.
You kill the frilled lizard!
No target in view!
A kobold comes into view. It is wielding a +0 short sword.
The kobold shouts!
Found a scroll labeled EDA JYOBBEC.
A frilled lizard comes into view.
There are monsters nearby!
There are monsters nearby!
Press: ? - help, Shift-Dir - straight line, f - kobold
Aim: a kobold, wielding a +0 short sword The splash of poison hits the kobold.
The kobold is severely wounded.
You feel slightly more hungry.
The frilled lizard hisses angrily.
You hit the kobold but do no damage. You punch the kobold.
You kill the kobold!
You see here a +0 short sword.
Found a ration.
Unknown command.
You have got your breath back.
The frilled lizard barely misses you.
The frilled lizard bites you but does no damage.
A frilled lizard is nearby!
You hit the frilled lizard.
You kill the frilled lizard!
No target in view!
Found a ring mail.
No target in view!
c - 2 rations (gained 1) Xom twists space around you.
Your surroundings suddenly seem different.
A bat comes into view.
Found 3 large rocks, 12 gold pieces and a scroll labeled EDA JYOBBEC.
A frilled lizard comes into view.
Unknown command.
You barely miss the bat.
The frilled lizard hisses angrily.
The bat barely misses you. The bat hits you but does no damage.
You hit the bat.
You kill the bat!
The frilled lizard bites you but does no damage.
You hit the frilled lizard.
You kill the frilled lizard!
Sigmund the Dreaded comes into view.
He is wielding a +0 scythe.
Sigmund shouts!
Sigmund is nearby!
Sigmund closely misses you.
Sigmund mumbles some strange words.
Sigmund flickers and vanishes for a moment.
Press: ? - help, Shift-Dir - straight line, f - Sigmund
Aim: Sigmund, wielding a +0 scythe and wearing a +0 robe (slightly transparent)
The splash of poison hits Sigmund.
Sigmund is poisoned.
Sigmund is lightly wounded.
You feel slightly more hungry. Sigmund closely misses you.
You closely miss Sigmund.
Sigmund is lightly wounded.
Sigmund closely misses you.
You barely miss Sigmund.
Sigmund is lightly wounded.
You hit Sigmund but do no damage.
Sigmund is moderately wounded.
Sigmund hits you but does no damage.
You hit Sigmund but do no damage.
Sigmund is moderately wounded.
Sigmund casts a spell at you.
You are confused.
You have got your breath back.
Sigmund hits you with a +0 scythe.
You take 6 damage, and have 22/28 hp.
MASSIVE DAMAGE!!
Unknown command.
Sigmund points at you and mumbles some strange words.
The magic dart hits you.
You take 6 damage, and have 16/28 hp.
MASSIVE DAMAGE!!
You're too confused!
You're too confused!
Sigmund hits you with a +0 scythe!
* * * LOW HITPOINT WARNING * * *
You take 13 damage, and have 3/28 hp.
MASSIVE DAMAGE!!
Unknown command.
Sigmund looks more healthy.
Sigmund hits you from afar with a +0 scythe!
You die...
Xom giggles madly!

#.# ##.# #... #
#?.# #.# #. ##..#
..l #. #...########
#l.
.####.##...#.......
.
....$.....@........
#....(....######
#.#.....@.#
###...#.# #...#.#
#####.# .. ##


You could see Sigmund (invisible).

Vanquished Creatures
  3 leopard geckos
  A ball python (D:1)
  2 bats (D:2)
  A giant cockroach (D:1)
  2 goblins (D:1)
  4 frilled lizards
  A kobold (D:2)
14 creatures vanquished.

Notes
Turn   | Place    | Note
-------+----------+-------------------------------------------
     0 | D:1      | Monsterracer the Naga Chaos Knight began the quest for the
                  | Orb.
     0 | D:1      | Reached XP level 1. HP: 21/21 MP: 1/1
   230 | D:1      | Reached XP level 2. HP: 28/28 MP: 2/2
   674 | D:1      | XOM: harmless Ice miscast
   692 | D:2      | XOM: harmless Pois miscast
   774 | D:2      | XOM: 1-stop teleportation journey
   777 | D:2      | Noticed Sigmund
   788 | D:2      | HP: 3/28 [Sigmund/+0 scythe (13)]
   789 | D:2      | Slain by Sigmund

Action                   || total
-------------------------++-------
Melee: Unarmed           ||    26
       Punch             ||     1
 Abil: Spit Poison       ||     9
 Stab: Sleeping          ||     1
Armor: Leather armour    ||     9
Dodge: Dodged            ||    12

Levels and vault maps discovered:
D:1:      co_arrival_random_square_maze, layout_basic
D:2:      layout_loops_ring, uniq_sigmund, uniq_crazy_yiuf_cottage, uniq_jessica
